| TOP OF THE 1ST |
|
Brooklyn Cyclones batting - Pitching for West Virginia Black Bears : LHP Alfredo Carranza
|
|
Pitching: LHP Alfredo Carranza
|
|
|
Batting: RHB Jack Nickleberry
|
0-0: Ball 1-0: Called Strike 1-1: SINGLE (Groundball, P, EV 88.1 MPH) (infield hit)
|
|
Batting: SHB Ryan Brown
|
0-0: Fly out, F6 (Popup, P, EV 83.1 MPH)
|
|
Batting: RHB Jake Geib
|
0-0: Ball Jack Nickleberry steals 2nd base 1-0: Ball 2-0: Foul Ball, location: 2F 2-1: Foul Ball, location: 2F 2-2: Ground out 6-3 (Groundball, 4MS, EV 70.6 MPH) Jack Nickleberry to third
|
|
Batting: LHB Miguel Ramos
|
0-0: Foul Ball, location: 2F 0-1: Foul Ball, location: 2F 0-2: Foul Ball, location: 2F 0-2: Ball 1-2: Foul Ball, location: 2F 1-2: Strikes out swinging
|
| Top of the 1st over - 0 runs, 1 hit, 0 errors, 1 left on base; Brooklyn 0 - West Virginia 0 |
| BOTTOM OF THE 1ST |
|
West Virginia Black Bears batting - Pitching for Brooklyn Cyclones : RHP David Mejia
|
|
Pitching: RHP David Mejia
|
|
|
Batting: RHB Ken Manser
|
0-0: Foul Ball, location: 2F 0-1: Swinging Strike 0-2: Foul Ball, location: 2F 0-2: SOLO HOME RUN (Flyball, 7D, EV 98.8 MPH), Distance : 382 ft
|
|
Batting: LHB Norm Silveira-Wray
|
0-0: Called Strike 0-1: Ball 1-1: Ball 2-1: TRIPLE (Flyball, 8RXD, EV 93.8 MPH)
|
|
Batting: RHB Jeff Edwards
|
0-0: Called Strike 0-1: Foul Ball, location: 2F 0-2: Ball 1-2: Strikes out swinging
|
|
Batting: RHB Chris McCoy
|
0-0: Called Strike 0-1: Called Strike 0-2: Fly out, F8 (Line Drive, 8LM, EV 98.8 MPH) Runner from 3rd tags up, SCORES, throw by CF
|
|
Batting: LHB Donald Imre
|
0-0: Called Strike 0-1: Ball 1-1: Foul Ball, location: 2F 1-2: Ball 2-2: Ball 3-2: Base on Balls
|
|
Batting: LHB Brandon Sarni
|
0-0: SINGLE (Line Drive, 56D, EV 98.1 MPH) Donald Imre to second Runner from 2nd tries for 3rd, SAFE, throw by LF made to third
|
|
Batting: RHB John Goynes
|
0-0: Swinging Strike 0-1: Foul Ball, location: 2F 0-2: Ball 1-2: Foul Ball, location: 2F 1-2: Ball 2-2: Foul Ball, location: 2F 2-2: Ball 3-2: Foul Ball, location: 2F 3-2: Base on Balls Brandon Sarni to second
|
|
Batting: RHB Tom Tate
|
0-0: Ball 1-0: Called Strike 1-1: Swinging Strike 1-2: Ball 2-2: Strikes out swinging
|
| Bottom of the 1st over - 2 runs, 3 hits, 0 errors, 3 left on base; Brooklyn 0 - West Virginia 2 |
| TOP OF THE 2ND |
|
Brooklyn Cyclones batting - Pitching for West Virginia Black Bears : LHP Alfredo Carranza
|
|
Batting: RHB Jayden Copeland
|
0-0: Swinging Strike 0-1: Ball 1-1: Swinging Strike 1-2: Ball 2-2: Strikes out swinging
|
|
Batting: RHB Victor Reyes
|
0-0: Ball 1-0: Ball 2-0: Called Strike 2-1: Ball 3-1: Foul Ball, location: 2F 3-2: Base on Balls
|
|
Batting: RHB Frank Shaw
|
0-0: Called Strike 0-1: Foul Ball, location: 2F 0-2: Ball 1-2: Ball 2-2: Ball 3-2: Base on Balls Victor Reyes to second
|
|
Batting: RHB Tom Primmer
|
0-0: Ball 1-0: Ball 2-0: Foul Ball, location: 2F 2-1: Foul Ball, location: 2F 2-2: Foul Ball, location: 2F 2-2: Strikes out swinging
|
|
Batting: SHB Duri Chilemba
|
0-0: Ball 1-0: SINGLE (Line Drive, 4M, EV 95.6 MPH) Victor Reyes to third Frank Shaw to second Runner from 3rd tries for Home, SAFE, throw by CF to home
|
|
Batting: RHB Jack Nickleberry
|
0-0: Called Strike 0-1: Ball 1-1: Called Strike 1-2: Ball 2-2: Foul Ball, location: 2F 2-2: Ball 3-2: Ground out 6-3 (Groundball, 6, EV 91.9 MPH)
|
| Top of the 2nd over - 1 run, 1 hit, 0 errors, 2 left on base; Brooklyn 1 - West Virginia 2 |
| BOTTOM OF THE 2ND |
|
West Virginia Black Bears batting - Pitching for Brooklyn Cyclones : RHP David Mejia
|
|
Batting: RHB Brian Moore
|
0-0: Ball 1-0: Called Strike 1-1: Swinging Strike 1-2: Strikes out swinging
|
|
Batting: RHB Ken Manser
|
0-0: Foul Ball, location: 2F 0-1: Bunt missed! 0-2: Ball 1-2: Ball 2-2: Ground out 5-3 (Groundball, 56, EV 105.6 MPH)
|
|
Batting: LHB Norm Silveira-Wray
|
0-0: Called Strike 0-1: Ball 1-1: Foul Ball, location: 2F 1-2: Foul Ball, location: 2F 1-2: SINGLE (Line Drive, 9S, EV 91.2 MPH)
|
|
Batting: RHB Jeff Edwards
|
0-0: Called Strike 0-1: Ball 1-1: DOUBLE (Flyball, 89D, EV 93.1 MPH) Norm Silveira-Wray to third Runner from 3rd tries for Home, SAFE, throw by CF to trailing runner, SAFE at third!
|
|
Batting: RHB Chris McCoy
|
0-0: Called Strike 0-1: Ball 1-1: Ball 2-1: Ball 3-1: Called Strike 3-2: Foul Ball, location: 2F 3-2: Fly out, F9 (Flyball, 9, EV 83.8 MPH)
|
| Bottom of the 2nd over - 1 run, 2 hits, 0 errors, 1 left on base; Brooklyn 1 - West Virginia 3 |
| TOP OF THE 3RD |
|
Brooklyn Cyclones batting - Pitching for West Virginia Black Bears : LHP Alfredo Carranza
|
|
Batting: SHB Ryan Brown
|
0-0: Foul Ball, location: 2F 0-1: Called Strike 0-2: Foul Ball, location: 2F 0-2: Ball 1-2: Ball 2-2: Ball 3-2: Strikes out swinging
|
|
Batting: RHB Jake Geib
|
0-0: Foul Ball, location: 2F 0-1: Ball 1-1: Ball 2-1: Swinging Strike 2-2: Foul Ball, location: 2F 2-2: Strikes out swinging, 2-3 out at first.
|
|
Batting: LHB Miguel Ramos
|
0-0: Called Strike 0-1: Ball 1-1: Ball 2-1: Foul Ball, location: 2F 2-2: Foul Ball, location: 2F 2-2: Foul Ball, location: 2F 2-2: Strikes out swinging
|
| Top of the 3rd over - 0 runs, 0 hits, 0 errors, 0 left on base; Brooklyn 1 - West Virginia 3 |
| BOTTOM OF THE 3RD |
|
West Virginia Black Bears batting - Pitching for Brooklyn Cyclones : RHP David Mejia
|
|
Batting: LHB Donald Imre
|
0-0: Ball 1-0: Called Strike 1-1: Foul Ball, location: 2F 1-2: Foul Ball, location: 2F 1-2: DOUBLE (Line Drive, 9LS, EV 99.4 MPH)
|
|
Batting: LHB Brandon Sarni
|
0-0: Ball 1-0: Ball 2-0: Ball 3-0: Base on Balls
|
|
Batting: RHB John Goynes
|
0-0: Called Strike 0-1: Ball 1-1: Ball 2-1: Foul Ball, location: 2F 2-2: Foul Ball, location: 2F 2-2: Reached on error, E4 (Groundball, 4, EV 86.9 MPH) Donald Imre to third Brandon Sarni to second
|
|
Batting: RHB Tom Tate
|
0-0: Ball 1-0: Foul Ball, location: 2F 1-1: Fielders Choice at 2nd, 6-4 (Groundball, 6, EV 83.1 MPH) Donald Imre scores Brandon Sarni to third
|
|
Batting: RHB Brian Moore
|
0-0: Foul Ball, location: 2F 0-1: Ball 1-1: Called Strike 1-2: Foul Ball, location: 2F 1-2: Foul Ball, location: 2F 1-2: Ball 2-2: Ball 3-2: Strikes out swinging
|
|
Batting: RHB Ken Manser
|
0-0: Foul Ball, location: 2F 0-1: Fielders Choice at 2nd, 5-4 (Groundball, 56, EV 84.4 MPH)
|
| Bottom of the 3rd over - 1 run, 1 hit, 1 error, 2 left on base; Brooklyn 1 - West Virginia 4 |
| TOP OF THE 4TH |
|
Brooklyn Cyclones batting - Pitching for West Virginia Black Bears : LHP Alfredo Carranza
|
|
Batting: RHB Jayden Copeland
|
0-0: Called Strike 0-1: Ball 1-1: Ground out 4-3 (Groundball, 34, EV 103.8 MPH)
|
|
Batting: RHB Victor Reyes
|
0-0: Ball 1-0: Foul Ball, location: 2F 1-1: Ground out 3-1 (Groundball, 34S, EV 83.8 MPH)
|
|
Batting: RHB Frank Shaw
|
0-0: Ball 1-0: SINGLE (Groundball, 6D, EV 100.0 MPH)
|
|
Batting: RHB Tom Primmer
|
0-0: Ball 1-0: Ball 2-0: Ball 3-0: Base on Balls Frank Shaw to second
|
|
Batting: SHB Duri Chilemba
|
0-0: Ball 1-0: Ground out 2-3 (Groundball, 2L, EV 70.0 MPH)
|
| Top of the 4th over - 0 runs, 1 hit, 0 errors, 2 left on base; Brooklyn 1 - West Virginia 4 |
| BOTTOM OF THE 4TH |
|
West Virginia Black Bears batting - Pitching for Brooklyn Cyclones : RHP David Mejia
|
|
Batting: LHB Norm Silveira-Wray
|
0-0: Ground out 6-3 (Groundball, 56, EV 92.5 MPH)
|
|
Batting: RHB Jeff Edwards
|
0-0: Called Strike 0-1: Swinging Strike 0-2: Strikes out swinging
|
|
Batting: RHB Chris McCoy
|
0-0: Ball 1-0: Ball 2-0: Ball 3-0: Base on Balls
|
|
Pitching: RHP Jonathan Colyer
|
|
|
Batting: LHB Donald Imre
|
0-0: Ball 1-0: Called Strike 1-1: Ball 2-1: Called Strike 2-2: Ball 3-2: SINGLE (Line Drive, 7S, EV 93.1 MPH) Chris McCoy to second Chris McCoy to third
|
|
Batting: LHB Brandon Sarni
|
0-0: Ball 1-0: Ground out U3 (Groundball, 3, EV 90.0 MPH)
|
| Bottom of the 4th over - 0 runs, 1 hit, 0 errors, 2 left on base; Brooklyn 1 - West Virginia 4 |
| TOP OF THE 5TH |
|
Brooklyn Cyclones batting - Pitching for West Virginia Black Bears : LHP Alfredo Carranza
|
|
Batting: RHB Jack Nickleberry
|
0-0: Called Strike 0-1: Ball 1-1: Swinging Strike 1-2: Ball 2-2: Foul Ball, location: 2F 2-2: Fly out, F4 (Line Drive, 4, EV 60.6 MPH)
|
|
Pitching: RHP Dave Weinraub
|
|
|
Batting: SHB Ryan Brown
|
0-0: Called Strike 0-1: Ball 1-1: Fly out, F4 (Popup, 4S, EV 75.6 MPH)
|
|
Batting: RHB Jake Geib
|
0-0: Called Strike 0-1: Ball 1-1: Called Strike 1-2: Foul Ball, location: 2F 1-2: Foul Ball, location: 2F 1-2: Foul Ball, location: 2F 1-2: Foul Ball, location: 2F 1-2: Ball 2-2: Foul Ball, location: 2F 2-2: Fly out, F7 (Flyball, 7, EV 83.1 MPH)
|
| Top of the 5th over - 0 runs, 0 hits, 0 errors, 0 left on base; Brooklyn 1 - West Virginia 4 |
| BOTTOM OF THE 5TH |
|
West Virginia Black Bears batting - Pitching for Brooklyn Cyclones : RHP Jonathan Colyer
|
|
Batting: RHB John Goynes
|
0-0: Ball 1-0: Swinging Strike 1-1: Ball 2-1: Ball 3-1: DOUBLE (Line Drive, 89XD, EV 98.8 MPH)
|
|
Batting: RHB Tom Tate
|
0-0: Ball 1-0: Ball 2-0: Called Strike 2-1: Foul Ball, location: 2F 2-2: Strikes out swinging
|
|
Batting: RHB Brian Moore
|
0-0: Called Strike 0-1: Ball 1-1: Ball 2-1: Foul Ball, location: 2F 2-2: Strikes out swinging
|
|
Batting: RHB Ken Manser
|
0-0: Ball 1-0: Called Strike 1-1: SINGLE (Groundball, 6, EV 97.5 MPH) John Goynes to third Runner from 3rd tries for Home, throw by CF and OUT! 8-2
|
| Bottom of the 5th over - 0 runs, 2 hits, 0 errors, 1 left on base; Brooklyn 1 - West Virginia 4 |
| TOP OF THE 6TH |
|
Brooklyn Cyclones batting - Pitching for West Virginia Black Bears : RHP Dave Weinraub
|
|
Batting: LHB Miguel Ramos
|
0-0: Ball 1-0: Foul Ball, location: 2F 1-1: Swinging Strike 1-2: Foul Ball, location: 2F 1-2: Ball 2-2: Strikes out swinging
|
|
Batting: RHB Jayden Copeland
|
0-0: Ball 1-0: Foul Ball, location: 2F 1-1: Ball 2-1: Foul Ball, location: 2F 2-2: Foul Ball, location: 2F 2-2: Strikes out swinging
|
|
Batting: RHB Victor Reyes
|
0-0: Ball 1-0: Ball 2-0: Ball 3-0: Base on Balls
|
|
Batting: RHB Frank Shaw
|
0-0: Ball 1-0: Swinging Strike 1-1: Called Strike 1-2: Strikes out swinging
|
| Top of the 6th over - 0 runs, 0 hits, 0 errors, 1 left on base; Brooklyn 1 - West Virginia 4 |
| BOTTOM OF THE 6TH |
|
West Virginia Black Bears batting - Pitching for Brooklyn Cyclones : RHP Jonathan Colyer
|
|
Batting: LHB Norm Silveira-Wray
|
0-0: Ball 1-0: Swinging Strike 1-1: Fly out, F8 (Flyball, 8LS, EV 95.0 MPH)
|
|
Batting: RHB Jeff Edwards
|
0-0: Ball 1-0: Called Strike 1-1: Ball 2-1: Fly out, F9 (Flyball, 9D, EV 84.4 MPH)
|
|
Pitching: RHP Felipe Hinojosa
|
|
|
Batting: RHB Chris McCoy
|
0-0: Called Strike 0-1: Ball 1-1: Called Strike 1-2: Ball 2-2: Strikes out swinging
|
| Bottom of the 6th over - 0 runs, 0 hits, 0 errors, 0 left on base; Brooklyn 1 - West Virginia 4 |
| TOP OF THE 7TH |
|
Brooklyn Cyclones batting - Pitching for West Virginia Black Bears : RHP Dave Weinraub
|
|
Batting: RHB Tom Primmer
|
0-0: Ball 1-0: Ball 2-0: Ball 3-0: Called Strike 3-1: Base on Balls
|
|
Pitching: RHP Xavier Stovall
|
|
|
Batting: SHB Duri Chilemba
|
0-0: Swinging Strike 0-1: Bunted foul 0-2: Ball 1-2: Ball 2-2: Grounds into double play, 6-4-3 (Groundball, 6, EV 82.5 MPH)
|
|
Batting: RHB Jack Nickleberry
|
0-0: Ball 1-0: Foul Ball, location: 2F 1-1: Swinging Strike 1-2: Foul Ball, location: 2F 1-2: Ball 2-2: Foul Ball, location: 2F 2-2: Ball 3-2: Base on Balls
|
|
Batting: SHB Ryan Brown
|
0-0: Foul Ball, location: 2F 0-1: Ball Jack Nickleberry is caught stealing 2nd base 2-6
|
| Top of the 7th over - 0 runs, 0 hits, 0 errors, 0 left on base; Brooklyn 1 - West Virginia 4 |
| BOTTOM OF THE 7TH |
|
West Virginia Black Bears batting - Pitching for Brooklyn Cyclones : RHP Felipe Hinojosa
|
|
Batting: LHB Donald Imre
|
0-0: Ball 1-0: Called Strike 1-1: Ball 2-1: Ball 3-1: Base on Balls
|
|
Batting: LHB Brandon Sarni
|
0-0: Ball 1-0: Foul Ball, location: 2F 1-1: Called Strike Donald Imre is caught stealing 2nd base 2-6 1-2: Ball 2-2: Strikes out swinging
|
|
Batting: RHB John Goynes
|
0-0: Foul Ball, location: 2F 0-1: Ball 1-1: Ball 2-1: Ball 3-1: Called Strike 3-2: Base on Balls
|
|
Batting: RHB Tom Tate
|
0-0: Called Strike 0-1: Fly out, F6 (Line Drive, 6, EV 62.5 MPH)
|
| Bottom of the 7th over - 0 runs, 0 hits, 0 errors, 1 left on base; Brooklyn 1 - West Virginia 4 |
| TOP OF THE 8TH |
|
Brooklyn Cyclones batting - Pitching for West Virginia Black Bears : RHP Xavier Stovall
|
|
Batting: SHB Ryan Brown
|
0-0: Ball 1-0: Foul Ball, location: 2F 1-1: Swinging Strike 1-2: Strikes out swinging
|
|
Batting: RHB Jake Geib
|
0-0: Fly out, F7 (Flyball, 7D, EV 98.8 MPH)
|
|
Batting: LHB Miguel Ramos
|
0-0: Called Strike 0-1: Swinging Strike 0-2: Ball 1-2: Foul Ball, location: 2F 1-2: Strikes out swinging
|
| Top of the 8th over - 0 runs, 0 hits, 0 errors, 0 left on base; Brooklyn 1 - West Virginia 4 |
| BOTTOM OF THE 8TH |
|
West Virginia Black Bears batting - Pitching for Brooklyn Cyclones : RHP Felipe Hinojosa
|
|
Batting: RHB Brian Moore
|
0-0: Called Strike 0-1: Swinging Strike 0-2: Strikes out swinging
|
|
Batting: RHB Ken Manser
|
0-0: Swinging Strike 0-1: Ball 1-1: Ball 2-1: Foul Ball, location: 2F 2-2: Strikes out swinging, 2-3 out at first.
|
|
Batting: LHB Norm Silveira-Wray
|
0-0: Ball 1-0: SINGLE (Groundball, 6MS, EV 71.2 MPH) (infield hit)
|
|
Batting: RHB Jeff Edwards
|
0-0: Ball 1-0: Ball 2-0: Foul Ball, location: 2F 2-1: Called Strike 2-2: Strikes out swinging
|
| Bottom of the 8th over - 0 runs, 1 hit, 0 errors, 1 left on base; Brooklyn 1 - West Virginia 4 |
| TOP OF THE 9TH |
|
Brooklyn Cyclones batting - Pitching for West Virginia Black Bears : RHP Xavier Stovall
|
|
Pitching: RHP Joe Simanton
|
|
|
Batting: RHB Jayden Copeland
|
0-0: Called Strike 0-1: Ball 1-1: Fly out, F9 (Line Drive, 9, EV 93.1 MPH)
|
|
Batting: RHB Victor Reyes
|
0-0: SINGLE (Groundball, 5D, EV 95.0 MPH)
|
|
Batting: RHB Frank Shaw
|
0-0: Ball 1-0: Foul Ball, location: 2F 1-1: Foul Ball, location: 2F 1-2: Strikes out swinging
|
|
Batting: RHB Tom Primmer
|
0-0: Foul Ball, location: 2F 0-1: Ball 1-1: Called Strike 1-2: Foul Ball, location: 2F 1-2: Foul Ball, location: 2F 1-2: Ball 2-2: Ball 3-2: Strikes out swinging, 2-3 out at first.
|
| Top of the 9th over - 0 runs, 1 hit, 0 errors, 1 left on base; Brooklyn 1 - West Virginia 4 |
|